 Dungeon Crawl Stone Soup version 0.28.0-1-gb440e238dd (webtiles) character file.

Game seed: 14443075867642478473

82 mortz the Firebug (level 4, 0/31 (33) HPs)
             Began as a Hill Orc Fire Elementalist on Feb 20, 2022.
             Slain by a gnoll (1 damage)
             ... on level 3 of the Dungeon.
             The game lasted 00:11:57 (1964 turns).

mortz the Firebug (Hill Orc Fire Elementalist)      Turns: 1964, Time: 00:11:57

HP:   0/31 (33)     AC:  9    Str: 10    XL:     4   Next: 43%
MP:   1/6           EV: 10    Int: 17    God:
Gold: 128           SH:  3    Dex: 15    Spells: 2/6 levels left

rFire   . . .      SeeInvis .   h - +0 short sword
rCold   . . .      Faith    .   e - +0 buckler
rNeg    . . .      Spirit   .   n - +1 ring mail "Woiken" {Dex+4}
rPois   .          Reflect  .   j - +1 hat
rElec   .          Harm     .   l - +0 cloak
rCorr   .          Rampage  .   b - +0 pair of gloves
Will    .....                   (no boots)
Stlth   +.........              (no amulet)
HPRegen 0.10/turn               (no ring)
MPRegen 0.10/turn               (no ring)

@: drained
A: no striking features
a: no special abilities


You were on level 3 of the Dungeon.
You visited 1 branch of the dungeon, and saw 3 of its levels.

You collected 128 gold pieces.

Inventory:

Hand Weapons
 c - a +0 club
 d - a +0 whip
 h - a +0 short sword (weapon)
Missiles
 i - 6 poisoned darts
Armour
 b - a +0 pair of gloves (worn)
 e - a +0 buckler (worn)
 j - a +1 hat (worn)
 k - a +0 leather armour
 l - a +0 cloak (worn)
 n - the +1 ring mail "Woiken" (worn) {Dex+4}
   (You found it on level 2 of the Dungeon)

   Dex:       It affects your dexterity (+4).
Magical Staves
 o - a staff of death
Scrolls
 a - 3 scrolls of identify {unknown}
 m - a scroll of noise {unknown}
 r - a scroll of teleportation {unknown}
Potions
 f - a potion of ambrosia {unknown}
 g - 3 potions of heal wounds {unknown}
 p - a potion of degeneration {unknown}
 q - 2 potions of might {unknown}


   Skills:
 + Level 1.3 Short Blades
 + Level 0.5 Armour
 + Level 2.2 Dodging
 + Level 1.8 Stealth
 + Level 1.8 Spellcasting
 + Level 1.6 Conjurations
 + Level 4.0 Fire Magic


You had 2 spell levels left.
You knew the following spells:

 Your Spells              Type           Power      Damage    Failure   Level
a - Foxfire               Conj/Fire      44%        2x1d6     22%         1
b - Scorch                Fire           30%        2d7       21%         2
c - Magic Dart            Conj           28%        1d4       36%         1

Your spell library contained the following spells:

 Spells                   Type           Power      Damage    Failure   Level
 Call Imp                 Summ           1%         N/A       71%         2
 Conjure Flame            Conj/Fire      11%        6-21      54%         3
 Inner Flame              Hex/Fire       8%         N/A       67%         3
 Mephitic Cloud           Conj/Pois/Air  3%         N/A       86%         3
 Flame Wave               Conj/Fire      11%        2d5       91%         4
 Dispersal                Tloc           0%         N/A       100%        6
 Disjunction              Tloc           0%         N/A       100%        8


Dungeon Overview and Level Annotations

Branches:
Dungeon (3/15)

Altars:

Shops:
D:2 =

Annotations:
D:3 1 runed translucent door, Bediveer's ghost, amateur TeSu


Message History

The gnoll is moderately wounded.
You block the gnoll's attack. The gnoll hits you with a +0 club.
You hit the gnoll but do no damage.
The gnoll is moderately wounded.
The gnoll is no longer more vulnerable to fire.
The gnoll closely misses you. x2
You closely miss the gnoll.
The gnoll is moderately wounded.
The gnoll hits you but does no damage. The gnoll hits you with a +0 club.
You hit the gnoll.
The gnoll is heavily wounded.
The gnoll closely misses you. The gnoll hits you but does no damage.
Your magical contamination has completely faded away.
You hit the gnoll.
The gnoll is severely wounded.
The gnoll hits you from afar with a +0 spear.
The gnoll barely misses you.
You hit the gnoll.
The gnoll is almost dead.
The gnoll misses you. The gnoll hits you with a +0 club.
You hit the gnoll.
You kill the gnoll!
The gnoll barely misses you.
The gnoll hits you from afar with a +0 spear.
You closely miss the gnoll. The gnoll hits you but does no damage.
You feel drained.
The gnoll hits you from afar with a +0 spear.
* * * LOW HITPOINT WARNING * * *
You closely miss the gnoll. The gnoll closely misses you.
The gnoll hits you from afar with a +0 spear.
* * * LOW HITPOINT WARNING * * *
The gnoll closely misses you.
You hit the gnoll.
The gnoll is moderately wounded.
The gnoll hits you from afar with a +0 spear.
* * * LOW HITPOINT WARNING * * *
The gnoll hits you with a +0 flail of draining.
* * * LOW HITPOINT WARNING * * *
You feel drained.
You die...

#...# ###.# #...#
...##.#.## .........#
+#######.####### #
#.##....# #.#####
#.......# +gg@..#
#.......# #.###.#
#.......# # #.#
#.##....#
###.###'###.##....#
..........'.##....####
###.###'###.##....##..
#.# #.##....##.# #.#
#..........+ ..#
#..######..#


You could see 2 gnolls.

Vanquished Creatures
  An iguana (D:3)
  2 gnolls (D:3)
  An adder (D:2)
  3 ball pythons
  2 bats (D:1)
  5 endoplasms
  A giant cockroach (D:1)
  2 goblins
  3 hobgoblins
  A quokka (D:2)
  2 frilled lizards
  4 kobolds
27 creatures vanquished.

Vanquished Creatures (others)
  46 foxfires
46 creatures vanquished.

Grand Total: 73 creatures vanquished

Notes
Turn   | Place    | Note
-------+----------+-------------------------------------------
     0 | D:1      | mortz the Hill Orc Fire Elementalist began the quest for
                  | the Orb.
     0 | D:1      | Reached XP level 1. HP: 14/14 MP: 3/3
   382 | D:1      | Reached XP level 2. HP: 20/20 MP: 2/4
   385 | D:1      | Learned a level 2 spell: Scorch
   439 | D:1      | Found a faded altar of an unknown god.
   933 | D:2      | Identified the +1 ring mail "Woiken" {Dex+4}
  1078 | D:2      | Found Noubehu's Jewellery Emporium.
  1521 | D:2      | Learned a level 1 spell: Magic Dart
  1592 | D:2      | Reached XP level 3. HP: 21/26 MP: 3/5
  1781 | D:3      | Reached skill level 1 in Short Blades
  1781 | D:3      | Reached skill level 4 in Fire Magic
  1781 | D:3      | Reached XP level 4. HP: 25/33 MP: 2/6
  1916 | D:3      | Found a runed translucent door.
  1917 | D:3      | Noticed Bediveer's ghost (amateur TeSu)
  1964 | D:3      | HP: 1/32 [gnoll (2)]
  1964 | D:3      | Slain by a gnoll

Illustrated notes

Levels and vault maps discovered:
D:1:      evilmike_arrival_crescent, layout_loops_ring,
          ebering_ecumenical_altar_box, grunt_decor_junction
D:2:      layout_loops_corners, serial_shops, shop
D:3:      layout_basic, serial_shops, shop, ebering_ghost_sewer_d, minivault_5,
          minmay_door_square, chequers_serial_rivers_large_b,
          minmay_misc_feat_encased

Skill      XL: |  1  2  3 |
---------------+----------+-----
Dodging        | 2 |  2.2
Short Blades   | 1 |  1.3
Fire Magic     | 4 |  4.0
Armour         | |  0.5
Stealth        | |  1.8
Spellcasting   | |  1.8
Conjurations   | |  1.6

Action                   |  1- 3 |  4- 6 || total
-------------------------+-------+-------++-------
Melee: Whip              |     1 |       ||     1
       Short sword       |    26 |    18 ||    44
 Cast: Foxfire           |    24 |     1 ||    25
       Scorch            |       |     2 ||     2
Armor: Ring mail         |     8 |    11 ||    19
       Robe              |     2 |       ||     2
       Leather armour    |     1 |       ||     1
Dodge: Dodged            |    17 |    13 ||    30
Block: Buckler           |     2 |     3 ||     5
